 Dungeon Crawl Stone Soup version bcrawl-1.28.5 (webtiles) character file.

Game seed: 547476524232890790

234363 Mehrunes the Fighter (level 8, -3/93 HPs)
             Began as an Ogre Berserker on Jan 26, 2021.
             Was an Elder of Trog.
             Killed from afar by an orc wizard (10 damage)
             ... with a puff of frost
             ... on level 5 of the Dungeon.
             The game lasted 00:12:47 (5133 turns).

Mehrunes the Fighter (Ogre Berserker)               Turns: 5133, Time: 00:12:47

Health: -3/93      AC:  3    Str: 23    XL:     8   Next: 55%
Magic:  8/8        EV: 11    Int:  8    God:    Trog [****..]
Gold:   531        SH:  0    Dex:  9    Spells: 7/7 levels left

rFire    . . .     SeeInvis .   l - +0 flail
rCold    . . .     Gourm    .   (no shield)
rNeg     . . .     Faith    .   b - +0 animal skin
rPois    .         Spirit   .   (helmet restricted)
rElec    .         Reflect  .   (no cloak)
rCorr    .         Harm     .   (gloves unavailable)
MR       .....                  (boots unavailable)
Stlth    +.........             (no amulet)
HPRegen  0.25/turn              (no ring)
MPRegen  0.11/turn              (no ring)

@: berserk cooldown, slowed, very slow
A: large, unfitting armour, tough skin 1
a: Berserk, Trog's Hand, Brothers in Arms, Renounce Religion


You were on level 5 of the Dungeon.
You worshipped Trog.
Trog was greatly pleased with you.
You were hungry.

You visited 1 branch of the dungeon, and saw 6 of its levels.

You collected 531 gold pieces.

Inventory:

Hand Weapons
 j - a +0 hunting sling
 l - a +0 flail (weapon)
Missiles
 k - 1849 stones (quivered)
Armour
 b - a +0 animal skin (worn)
Jewellery
 n - an uncursed ring of poison resistance {unknown}
 q - an uncursed ring of positive energy {unknown}
Wands
 r - a wand of random effects (10)
Scrolls
 d - a scroll of remove curse {unknown}
 f - 3 scrolls of teleportation {unknown}
 g - a scroll of magic mapping {unknown}
 h - 2 scrolls of amnesia
 t - 3 scrolls of enchant armour {unknown}
 u - a scroll of enchant weapon {unknown}
 w - 3 scrolls of immolation {unknown}
Potions
 a - a potion of lignification
 c - 6 potions of curing
 i - a potion of might
 m - a potion of invisibility
 o - 4 potions of agility
 p - 3 potions of magic
 s - a potion of degeneration {unknown}
Comestibles
 e - 10 rations {!d}


   Skills:
 - Level 10.0 Fighting
 - Level 9.0 Maces & Flails
 + Level 3.5 Dodging


You had 7 spell levels left.
You didn't know any spells.
Your spell library was empty.

Dungeon Overview and Level Annotations

Branches:
Dungeon (6/12)             Temple (0/1) D:5

Altars:
Elyvilon
Hepliaklqana
Vehumet

Shops:
D:4 ?

Annotations:
D:5 2 runed translucent doors, Juho's ghost, novice MiBe


Innate Abilities, Weirdness & Mutations

You are too large for most types of armour.
You have tough skin. (AC +1)


Message History

You feel yourself slow down. Something hits you.
* * * LOW HITPOINT WARNING * * *
You start resting.
Something hits you but does no damage. Something hits you.
* * * LOW HITPOINT WARNING * * *
You start resting.
Something hits you.
* * * LOW HITPOINT WARNING * * *
Something completely misses you.
You hear some strange, mumbled words.
A puff of flame appears from out of thin air!
The puff of flame hits you.
* * * LOW HITPOINT WARNING * * *
You sock something! Something completely misses you. Something hits you.
* * * LOW HITPOINT WARNING * * *
You barely miss something.
Your skin stops crawling.
You feel less resistant to hostile enchantments.
You hear some strange, mumbled words.
A puff of frost appears from out of thin air!
The puff of frost hits you!
You die...

#.######'##########......#
..##.###.##########...####
.......#........#......#
.......+........#......#
#####.###..###.######.####
..#######..###.##..###...#
...#...#.........<..#...##
...#...#............'...#
..###.###...##..@################
..###.###...##.{.########...#....
............#........'...........
............#........#...........
............+........#...........
..##..##....###..##..####..###...
..##..##....###..##..####..######
........................#........
........................#........


There were no monsters in sight!

Vanquished Creatures
  A troll (D:4)
  Sigmund (D:5)
  A hungry ghost (D:5)
  An orc warrior (D:6)
  A bullfrog (D:6)
  A crimson imp (D:4)
  A centaur zombie (D:5)
  A hound (D:4)
  A bullfrog skeleton (D:5)
  2 orc priests (D:5)
  A centaur skeleton (D:4)
  An orc wizard (D:4)
  Jessica (D:2)
  Natasha (thrice) (D:3)
  A hound zombie (D:5)
  A hound skeleton (D:4)
  Robin (D:3)
  4 gnolls
  8 adders
  An adder skeleton (D:4)
  2 worms (D:3)
  A dart slug (D:1)
  5 leopard geckos
  17 orcs
  3 giant cockroaches
  13 goblins
  8 hobgoblins
  6 jackals (D:3)
  A ball python (D:2)
  9 bats
  3 frilled lizards (D:2)
  10 kobolds
  6 rats
117 creatures vanquished.

Vanquished Creatures (others)
  A hobgoblin (D:2)
1 creature vanquished.

Grand Total: 118 creatures vanquished

Notes
Turn   | Place    | Note
-------+----------+-------------------------------------------
     0 | D:1      | Mehrunes the Ogre Berserker began the quest for the Orb.
     0 | D:1      | Reached XP level 1. HP: 24/24 MP: 1/1
   197 | D:1      | Reached XP level 2. HP: 29/32 MP: 2/2
  1000 | D:2      | Reached XP level 3. HP: 39/39 MP: 3/3
  1028 | D:2      | Reached skill level 5 in Maces & Flails
  1149 | D:2      | Reached ** piety under Trog
  1284 | D:2      | Noticed Jessica
  1291 | D:2      | Killed Jessica
  1292 | D:2      | Reached XP level 4. HP: 45/48 MP: 4/4
  1542 | D:2      | Found a radiant altar of Vehumet.
  2154 | D:3      | Reached XP level 5. HP: 54/54 MP: 5/5
  2157 | D:3      | Reached *** piety under Trog
  2464 | D:3      | Found a white marble altar of Elyvilon.
  2607 | D:3      | Noticed Robin
  2612 | D:3      | Killed Robin
  2704 | D:3      | Noticed Natasha
  2711 | D:3      | Killed Natasha
  2712 | D:3      | Reached XP level 6. HP: 35/62 MP: 6/6
  2824 | D:3      | Found a hazy altar of Hepliaklqana.
  3010 | D:3      | Noticed Natasha
  3017 | D:3      | Killed Natasha
  3132 | D:3      | Noticed Natasha
  3146 | D:3      | Killed Natasha
  3552 | D:4      | Reached XP level 7. HP: 59/71 MP: 7/7
  3685 | D:4      | Reached **** piety under Trog
  3705 | D:4      | Found Wisch's Magic Scroll Shoppe.
  3753 | D:4      | Noticed a troll
  3770 | D:4      | Killed a troll
  3771 | D:4      | Reached skill level 6 in Fighting
  4019 | D:5      | Entered Level 5 of the Dungeon
  4054 | D:5      | Reached skill level 7 in Fighting
  4161 | D:5      | Found a runed translucent door.
  4201 | D:5      | Noticed Juho's ghost (novice MiBe)
  4465 | D:5      | Found a runed translucent door.
  4561 | D:5      | Reached skill level 8 in Fighting
  4631 | D:5      | Found a staircase to the Ecumenical Temple.
  4720 | D:5      | Noticed Sigmund
  4727 | D:5      | Killed Sigmund
  4728 | D:5      | Reached skill level 9 in Fighting
  4728 | D:5      | Reached XP level 8. HP: 92/92 MP: 8/8
  4967 | D:6      | Reached skill level 10 in Fighting
  5133 | D:5      | Killed from afar by an orc wizard

Skill      XL: |  1  2  3  4  5  6  7  8 |
---------------+-------------------------+-----
Maces & Flails | 4 5 6 7 9 |  9.0
Fighting       | 9 10 | 10.0
Dodging        | 3 |  3.5

Action                   |  1- 3 |  4- 6 |  7- 9 || total
-------------------------+-------+-------+-------++-------
Melee: Mace              |    65 |       |       ||    65
       Flail             |    21 |   225 |   110 ||   356
Invok: Berserk           |       |     2 |     3 ||     5
       Trog's Hand       |       |       |     2 ||     2
  Use: Scroll            |       |       |     7 ||     7
  Eat: Chunk             |     4 |    14 |    14 ||    32
Armor: Animal skin       |    27 |    48 |    13 ||    88
Dodge: Dodged            |    83 |    94 |    50 ||   227
